 Dungeon Crawl Stone Soup version 0.22.1-1-ga44c0e5 (webtiles) character file.

923 Iscandelvey the Conjurer (level 7, 0/50 HPs)
             Began as a Demigod Conjurer on Oct 1, 2018.
             Shot with an arrow by a centaur (13 damage)
             ... on level 5 of the Dungeon.
             The game lasted 00:30:23 (6553 turns).

Iscandelvey the Conjurer (Demigod Conjurer)         Turns: 6553, Time: 00:30:24

Health: 0/50       AC:  4    Str: 11    XL:     7   Next: 54%
Magic:  17/17      EV: 13    Int: 23    God:
Gold:   179        SH:  0    Dex: 16    Spells: 9/15 levels left

rFire    . . .     SeeInvis .   a - +0 mace (holy)
rCold    . . .     Gourm    +   (no shield)
rNeg     . . .     Faith    .   h - +0 leather armour (curse)
rPois    .         Spirit   .   x - +0 helmet
rElec    .         Reflect  .   (no cloak)
rCorr    .         Harm     .   (no gloves)
MR       .....                  (no boots)
Stlth    ++........             o - amulet of the gourmand
HPRegen  0.16/turn              (no ring)
MPRegen  0.15/turn              (no ring)

@: no status effects
A: high mp 1
a: no special abilities


You were on level 5 of the Dungeon.
You were full.

You visited 1 branch of the dungeon, and saw 5 of its levels.

You collected 179 gold pieces.

Inventory:

Hand Weapons
 a - a +0 mace of holy wrath (weapon)
 e - a +3 dagger
 s - a +3 whip
 u - the cursed +2 hunting sling of Ylotar {velocity, MR+, unknown}
   (You found it on level 4 of the Dungeon)

   Any stone fired from it inflicts extra damage.
   It affects your resistance to hostile enchantments.
   It has a curse placed upon it.
 y - a +1 flail of holy wrath
 B - a +0 dagger of pain
 D - a +2 dagger of electrocution
Missiles
 l - 112 stones (quivered)
Armour
 h - a cursed +0 leather armour (worn)
 r - a +3 leather armour
 v - a +0 ring mail of magic resistance
 x - a +0 helmet (worn)
 A - a +3 ring mail of cold resistance
Jewellery
 o - an amulet of the gourmand (around neck)
 w - an uncursed ring of poison resistance {unknown}
Scrolls
 f - 5 scrolls of identify {unknown}
 i - 3 scrolls of teleportation {unknown}
 k - 3 scrolls of remove curse {unknown}
 n - a scroll of fog {unknown}
 q - a scroll of amnesia {unknown}
 t - a scroll of enchant armour {unknown}
Potions
 b - a potion of curing {unknown}
 d - 2 potions of ambrosia {unknown}
 g - 2 potions of mutation {unknown}
 j - 2 potions of heal wounds
 m - 2 potions of lignification {unknown}
 p - a potion of flight {unknown}
 z - a potion of brilliance {unknown}
Comestibles
 c - 13 rations


   Skills:
 - Level 0.1 Short Blades
 + Level 2.5 Armour
 + Level 2.6 Dodging
 + Level 3.2 Stealth
 * Level 4.5 Spellcasting
 * Level 6.1 Conjurations
 + Level 1.0 Hexes


You had 9 spell levels left.
You knew the following spells:

 Your Spells              Type           Power        Failure   Level  Hunger
a - Magic Dart            Conj           ####         1%          1    None
b - Searing Ray           Conj           ####..       1%          2    None
c - Dazzling Spray        Conj/Hex       ###...       9%          3    ##.....

Your spell library contained the following spells:

 Spells                   Type           Power        Failure   Level  Hunger
 Iskenderun's Mystic Bla  Conj           ####....     11%         4    ####...
 Fulminant Prism          Conj/Hex       ###.......   30%         4    ####...
 Force Lance              Conj/Tloc      ###.....     36%         4    ####...


Dungeon Overview and Level Annotations

Branches:
Dungeon (5/15)
 Temple: D:4-7


Innate Abilities, Weirdness & Mutations

You have an increased reservoir of magic. (+10% MP)


Message History

The centaur shoots an arrow.
The arrow barely misses you.
The centaur shoots an arrow.
The arrow hits you.
The centaur shoots an arrow.
The arrow hits you!
You see here 3 arrows.
The centaur shoots an arrow.
The arrow hits you.
* * * LOW HITPOINT WARNING * * *
You see here an arrow.
The centaur shoots an arrow.
The arrow closely misses you.
The centaur shoots an arrow.
The arrow hits you.
* * * LOW HITPOINT WARNING * * *
Things that are here:
an arrow; a ring mail You see here a dagger.
The centaur shoots an arrow.
The arrow closely misses you.
You see here a hand axe.
There is a stone staircase leading up, spattered with blood here.
You see here 3 arrows.
The centaur shoots an arrow.
The arrow hits you but does no damage.
The centaur shoots an arrow.
The arrow hits you!
You die...

#...........#....
#...c.(.....#...
#..#..5##...##.###########
####...#######.##)#..#...##
#......................(#
#.....(..............<..#
#......).............(.(#
#......[)[....).........#
#........@..............#
#.........((............#
#########################


You could see a centaur and a crimson imp.

Vanquished Creatures
  Eustachio (D:4)
  A hungry ghost (D:5)
  Edmund (D:4)
  A centaur (D:5)
  A scorpion (D:5)
  A crimson imp (D:4)
  3 orc wizards
  An orc priest (D:5)
  Jessica (D:2)
  2 worker ants
  Robin (D:4)
  3 adders
  3 oozes
  An adder zombie (D:3)
  A worm (D:2)
  3 leopard geckos
  22 orcs
  3 giant cockroaches
  18 goblins
  13 hobgoblins
  9 jackals
  4 kobolds
  2 ball pythons
  13 bats
  3 frilled lizards
  11 rats
123 creatures vanquished.

Notes
Turn   | Place    | Note
-------+----------+-------------------------------------------
     0 | D:1      | Iscandelvey the Demigod Conjurer began the quest for the
                  | Orb.
     0 | D:1      | Reached XP level 1. HP: 14/14 MP: 5/5
   187 | D:1      | Reached skill level 4 in Conjurations
   187 | D:1      | Reached XP level 2. HP: 13/20 MP: 0/7
   970 | D:1      | Reached XP level 3. HP: 26/26 MP: 4/8
  1298 | D:2      | Learned a level 2 spell: Searing Ray
  1302 | D:2      | Learned a level 3 spell: Dazzling Spray
  1364 | D:2      | Found a hide-covered altar of Uskayaw.
  1560 | D:2      | Noticed Jessica
  1568 | D:2      | Killed Jessica
  1568 | D:2      | Reached XP level 4. HP: 27/33 MP: 6/11
  1803 | D:3      | Found a shattered altar of Ashenzari.
  1803 | D:3      | Found a burning altar of Makhleb.
  1803 | D:3      | Found an iron altar of Okawaru.
  1803 | D:3      | Found a sacrificial altar of Ru.
  1811 | D:3      | Found a blossoming altar of Fedhas.
  1819 | D:3      | Found a shadowy altar of Dithmenos.
  1969 | D:3      | Found a faded altar of an unknown god.
  2868 | D:4      | Noticed Edmund
  3043 | D:4      | Got a translucent hunting sling
  3066 | D:4      | Reached XP level 5. HP: 38/38 MP: 3/12
  3179 | D:4      | Reached skill level 1 in Armour
  3533 | D:4      | Noticed Eustachio
  3566 | D:5      | Entered Level 5 of the Dungeon
  4173 | D:5      | Reached skill level 5 in Conjurations
  4465 | D:5      | Noticed a centaur
  4569 | D:5      | Noticed a hungry ghost
  5319 | D:4      | Noticed Robin
  5470 | D:4      | Killed Robin
  5470 | D:4      | Reached XP level 6. HP: 45/45 MP: 2/14
  5725 | D:4      | Killed Edmund
  5966 | D:4      | Killed Eustachio
  6280 | D:5      | Reached XP level 7. HP: 50/50 MP: 11/16
  6290 | D:5      | Killed a hungry ghost
  6417 | D:5      | Reached skill level 6 in Conjurations
  6499 | D:5      | Reached skill level 1 in Hexes
  6553 | D:5      | Shot with an arrow by a centaur

Skill      XL: |  1  2  3  4  5  6  7 |
---------------+----------------------+-----
Spellcasting   | 2 3 4 |  4.5
Conjurations   | 4 5 6 |  6.1
Dodging        | 2 |  2.6
Stealth        | 2 3 |  3.2
Armour         | 1 2 |  2.5
Hexes          | 1 |  1.0
Short Blades   | |  0.1

Action                   |  1- 3 |  4- 6 |  7- 9 || total
-------------------------+-------+-------+-------++-------
Melee: Unarmed           |    12 |       |       ||    12
       Dagger            |    16 |   108 |    14 ||   138
       Mace              |       |     6 |       ||     6
 Cast: Magic Dart        |    88 |    76 |    18 ||   182
       Searing Ray       |       |    15 |     2 ||    17
       Dazzling Spray    |       |    15 |     1 ||    16
 Stab: Sleeping          |     1 |     2 |       ||     3
       Invisible         |       |     6 |     1 ||     7
  Eat: Chunk             |     8 |    27 |     4 ||    39
Armor: Robe              |     4 |       |       ||     4
       Leather armour    |     3 |    22 |     2 ||    27
Dodge: Dodged            |    31 |    87 |    18 ||   136
